 Dungeon Crawl Stone Soup version 0.28-a0-1524-ge72afd5fc6 (webtiles) character file.

Game seed: 10716121456117238786

14 knot the Chopper (level 2, -1/24 HPs)
             Began as a Demonspawn Berserker on Jan 18, 2022.
             Was a Follower of Trog.
             Slain by a hobgoblin (2 damage)
             ... on level 1 of the Dungeon.
             The game lasted 00:01:33 (461 turns).

knot the Chopper (Demonspawn Berserker)              Turns: 461, Time: 00:01:34

Health: -1/24      AC:  2    Str: 17    XL:     2   Next: 31%
Magic:  2/2        EV: 12    Int:  8    God:    Trog [*.....]
Gold:   0          SH:  0    Dex: 12    Spells: 1/1 levels left

rFire   . . .      SeeInvis .   a - +0 hand axe
rCold   . . .      Faith    .   (no shield)
rNeg    . . .      Spirit   .   b - +0 animal skin
rPois   .          Reflect  .   (no helmet)
rElec   .          Harm     .   (no cloak)
rCorr   .          Rampage  .   (no gloves)
Will    +....                   (no boots)
Stlth   +.........              (no amulet)
HPRegen 0.08/turn               (no ring)
MPRegen 0.08/turn               (no ring)

@: on berserk cooldown, slowed, very slow
A: sturdy frame 1, deterioration 1, strong-willed 1, sense surroundings 1
a: Renounce Religion, Berserk


You were on level 1 of the Dungeon.
You worshipped Trog.
Trog was aware of your devotion.
You visited 1 branch of the dungeon, and saw 1 of its levels.

Inventory:

Hand Weapons
 a - a +0 hand axe (weapon)
Missiles
 c - 2 stones (quivered)
Armour
 b - a +0 animal skin (worn)
Scrolls
 e - a scroll of vulnerability


   Skills:
 - Level 3.0 Fighting
 + Level 3.4 Axes
 - Level 1.7 Armour
 - Level 1.7 Dodging


You had one spell level left.
You didn't know any spells.
Your spell library contained the following spells:

 Spells                   Type           Power      Damage    Failure   Level
 Static Discharge         Conj/Air       0%         N/A       54%         2
 Dispel Undead            Necr           0%         3d6       99%         4
 Sticky Flame             Conj/Fire      0%         2d3       99%         4


Dungeon Overview and Level Annotations

Branches:
Dungeon (1/15)

Altars:


Innate Abilities, Weirdness & Mutations

Your movements are slightly less encumbered by armour. (ER -2)
Your body sometimes deteriorates upon taking damage.
You are strong-willed. (Will+)
You passively map a small area around you.


Message History

You kill the kobold!
Trog accepts your kill.
You feel a strong urge to attack something.
You are no longer berserk.
You are exhausted.
You feel yourself slow down.
You don't know any spells.
Unknown command.
You don't know any spells.
It was a potion of mutation.
You feel extremely strange.
You feel yourself wasting away.
You feel a strange attunement to the structure of the dungeons.
You feel strong-willed.
You aren't carrying any potions.
Unknown command.
As you read the scroll labelled TOUCEYRIYSM, it crumbles to dust.
It is a scroll of identify.
e - a scroll of vulnerability The hobgoblin misses you.
The hobgoblin barely misses you.
You see here a ball python corpse.
The hobgoblin hits you.
* * * LOW HITPOINT WARNING * * *
You hit the hobgoblin but do no damage. The hobgoblin closely misses you.
The hobgoblin hits you.
* * * LOW HITPOINT WARNING * * *
You closely miss the hobgoblin. The hobgoblin closely misses you.
The hobgoblin completely misses you.
You barely miss the hobgoblin. Your punch misses the hobgoblin.
The hobgoblin barely misses you.
You barely miss the hobgoblin.
The hobgoblin hits you but does no damage.
The hobgoblin closely misses you.
You closely miss the hobgoblin. The hobgoblin barely misses you. x2
You hit the hobgoblin but do no damage. The hobgoblin hits you.
* * * LOW HITPOINT WARNING * * *
You hit the hobgoblin.
The hobgoblin is heavily wounded.
The hobgoblin hits you.
You die...

#..⌠..# #.###...[....# #...).#
#....>.......#
#....)###..##........#
#....).....##.##....##########
#########.....................
#####†###############. #.# #.
#g# #. * #@# #. * * #.# #. , ,
,..# ## * * ####


You could see a hobgoblin.

Vanquished Creatures
  A ball python (D:1)
  A bat (D:1)
  4 hobgoblins (D:1)
  4 kobolds (D:1)
  A rat (D:1)
11 creatures vanquished.

Notes
Turn   | Place    | Note
-------+----------+-------------------------------------------
     0 | D:1      | knot the Demonspawn Berserker began the quest for the Orb.
     0 | D:1      | Reached XP level 1. HP: 18/18 MP: 1/1
   432 | D:1      | Gained mutation: Your movements are slightly less
                  | encumbered by armour. (ER -2) [demonic ancestry]
   432 | D:1      | Reached XP level 2. HP: 10/24 MP: 2/2
   448 | D:1      | Gained mutation: Your body sometimes deteriorates upon
                  | taking damage. [potion of mutation]
   448 | D:1      | Gained mutation: You passively map a small area around you.
                  | [potion of mutation]
   448 | D:1      | Gained mutation: You are strong-willed. (Will+) [potion of
                  | mutation]
   460 | D:1      | HP: 1/24 [hobgoblin (5)]
   461 | D:1      | Slain by a hobgoblin

Illustrated notes

Levels and vault maps discovered:
D:1:      dpeg_arrival_tiny_j, layout_loops_ring, serial_shops, shop,
          hellmonk_ecumenical_altar_crossroads, st_stairs_1,
          minmay_stone_trees_medium, ebering_dispersal_statue_hall,
          chequers_serial_rivers_micro_b, minmay_hedge_maze, hex_tiny,
          hangedman_feature_mirror

Skill      XL: |  1 |
---------------+----+-----
Axes           | 3 |  3.4
Fighting       | |  3.0
Armour         | |  1.7
Dodging        | |  1.7

Action                   || total
-------------------------++-------
Melee: Hand axe          ||    44
Invok: Berserk           ||     1
  Use: Scroll            ||     1
       Potion            ||     1
Armor: Animal skin       ||     7
Dodge: Dodged            ||    24

Table legend: (Time is in decaauts)
 A = Elapsed time spent in this place.
 B = Non-inter-level travel time spent in this place.
 C = Inter-level travel time spent in this place.
 D = Time resting spent in this place.
 E = Time spent auto-exploring this place.
 F = Levels seen in this place.
 G = Mean time per level.
                   A        B        C        D        E       F      G
               +--------+--------+--------+--------+--------+-----+--------+
         Total |    471 |    471 |      0 |      0 |    369 |   1 |  471.0 |
       Dungeon |    471 |    471 |      0 |      0 |    369 |   1 |  471.0 |
               +--------+--------+--------+--------+--------+-----+--------+

Top non-repeatable levels by time:
     D:1: 471 daAuts
